 Dungeon Crawl Stone Soup version 0.27-a0-1105-g946c659c87 (webtiles) character file.

Game seed: 11460318701753976797

121706 siradein the Fencer (level 16, -17/141 HPs)
             Began as a Minotaur Gladiator on Apr 28, 2021.
             Was the Champion of Dithmenos.
             Demolished by Donald
             ... wielding a +1 vampiric demon trident
              (37 damage)
             ... on level 1 of the Shoals on Apr 29, 2021.
             The game lasted 02:41:25 (31138 turns).

siradein the Fencer (Minotaur Gladiator)           Turns: 31138, Time: 02:41:26

Health: -17/141    AC: 17    Str: 21    XL:     16   Next: 33%
Magic:  22/22      EV: 22    Int:  5    God:    Dithmenos [******]
Gold:   1658       SH:  9    Dex: 17    Spells: 15/15 levels left

rFire    + + +     SeeInvis +   F - +9 demon trident of the Gloaming {speed, rPois SInv Stlth+}
rCold    + . .     Faith    .   y - +2 buckler {rF+}
rNeg     + . .     Spirit   .   I - +5 ring mail "Wyuliwn" {Contam rElec Will+ Str+2}
rPois    +         Reflect  .   G - +2 hat {Will+}
rElec    +         Harm     .   H - scarf {rC+ rF+}
rCorr    .         Rampage  .   (no gloves)
Will     +++..     Clarity  +   K - +1 pair of boots
Stlth    +++++.....             S - amulet of regeneration
HPRegen  0.00/turn              D - ring "Helylinient" {rF+ EV+4}
MPRegen  0.18/turn              U - ring of the Yeti {Fly rElec rPois rN+ Int-2}

@: flying, wreathed by umbra
A: horns 2, retaliatory headbutt, clarity, clever 1, inhibited regeneration,
weak 1
a: Renounce Religion, Shadow Step, Shadow Form


You were on level 1 of the Shoals.
You worshipped Dithmenos.
Dithmenos was exalted by your worship.
You visited 5 branches of the dungeon, and saw 25 of its levels.
You also visited: Ossuary and Volcano.

You collected 2933 gold pieces.
You spent 1275 gold pieces at shops.

Inventory:

Hand Weapons
 a - the +10 dagger of Wyrd {vorpal, rPois Str+4}
   (You found it on level 7 of the Dungeon)

   It inflicts extra damage upon your enemies.
   It affects your strength (+4).
   It protects you from poison.
 C - a +3 great sword of freezing
 F - the +9 demon trident of the Gloaming (weapon) {speed, rPois SInv Stlth+}
   (You found it on level 4 of the Lair of Beasts)

   Attacks with this weapon are significantly faster.
   It protects you from poison.
   It lets you see invisible.
   It makes you more stealthy.
 Q - a +3 great sword of flaming
 X - a +3 great sword of holy wrath
Missiles
 c - 3 boomerangs of dispersal
 d - 3 throwing nets (quivered)
 x - 14 curare-tipped darts
 B - 5 atropa-tipped darts
Armour
 y - a +2 buckler of fire resistance (worn)
 G - a +2 hat of willpower (worn)
 H - a scarf of resistance (worn)
 I - the +5 ring mail "Wyuliwn" (worn) {Contam rElec Will+ Str+2}
   (You found it on level 15 of the Dungeon)

   It affects your strength (+2).
   It insulates you from electricity.
   It causes magical contamination when unequipped.
   It increases your willpower.
 K - a +1 pair of boots (worn)
Jewellery
 D - the ring "Helylinient" (left hand) {rF+ EV+4}
   (You bought it in a shop on level 2 of the Orcish Mines)

   [ring of evasion]

   It affects your evasion (+4).
   It protects you from fire.
 S - an amulet of regeneration (around neck)
 U - the ring of the Yeti (right hand) {Fly rElec rPois rN+ Int-2}
   (You bought it in a shop on level 2 of the Orcish Mines)

   [ring of positive energy]

   It affects your intelligence (-2).
   It insulates you from electricity.
   It protects you from poison.
   It protects you from negative energy.
   It grants you flight.
Wands
 z - a wand of flame (96)
 A - a wand of polymorph (47)
 J - a wand of mindburst (18)
 M - a wand of charming (6)
 N - a wand of acid (25)
 T - a wand of digging (4)
 V - a wand of paralysis (16)
Scrolls
 b - 6 scrolls of enchant armour
 e - a scroll of blinking
 h - a scroll of holy word {unknown}
 j - 2 scrolls of brand weapon {unknown}
 k - 3 scrolls of fog
 o - 9 scrolls of teleportation
 r - 4 scrolls of immolation {unknown}
 t - a scroll of acquirement {unknown}
 u - 5 scrolls of noise {unknown}
 v - 4 scrolls of magic mapping
 E - a scroll of torment {unknown}
 O - a scroll of fear {unknown}
 W - 2 scrolls of identify
 Z - a scroll of vulnerability {unknown}
Potions
 f - 15 potions of curing
 g - a potion of magic
 i - 2 potions of cancellation
 l - 3 potions of lignification
 m - 8 potions of ambrosia
 n - 4 potions of brilliance
 p - a potion of haste
 q - 6 potions of heal wounds
 s - a potion of invisibility
 w - a potion of mutation
 L - 2 potions of resistance
 P - 4 potions of berserk rage
 R - 2 potions of might
 Y - a potion of flight {unknown}


   Skills:
 + Level 12.7 Fighting
 + Level 19.1 Long Blades
 * Level 10.5 Polearms
 - Level 2.0 Throwing
 + Level 12.6 Armour
 + Level 12.1 Dodging
 + Level 3.4 Stealth
 + Level 10.2 Shields
 + Level 10.6 Invocations


You had 15 spell levels left.
You didn't know any spells.
Your spell library contained the following spells:

 Spells                   Type           Power      Damage    Failure   Level
 Corona                   Hex            0%         N/A       61%         1
 Magic Dart               Conj           0%         1d3       61%         1
 Sting                    Tmut/Pois      0%         1d3       61%         1
 Summon Small Mammal      Summ           0%         N/A       61%         1
 Blink                    Tloc           N/A        N/A       75%         2
 Call Imp                 Summ           0%         N/A       75%         2
 Ensorcelled Hibernation  Hex/Ice        0%         N/A       75%         2
 Passwall                 Tmut/Erth      0%         N/A       75%         2
 Searing Ray              Conj           0%         3d3       75%         2
 Slow                     Hex            0%         N/A       75%         2
 Sublimation of Blood     Necr           0%         N/A       75%         2
 Call Canine Familiar     Summ           0%         N/A       93%         3
 Confusing Touch          Hex            0%         N/A       93%         3
 Conjure Flame            Conj/Fire      0%         6-21      93%         3
 Dazzling Flash           Conj/Hex       0%         N/A       93%         3
 Ignite Poison            Fire/Tmut/Pois 0%         N/A       93%         3
 Mephitic Cloud           Conj/Pois/Air  0%         N/A       93%         3
 Portal Projectile        Hex/Tloc       0%         N/A       93%         3
 Summon Guardian Golem    Hex/Summ       0%         N/A       93%         3
 Swiftness                Air            0%         N/A       93%         3
 Tukima's Dance           Hex            0%         N/A       93%         3
 Fulminant Prism          Conj/Hex       0%         3d6       100%        4
 Ice Form                 Ice/Tmut       0%         N/A       100%        4
 Iskenderun's Mystic Bla  Conj/Tloc      0%         2d3       100%        4
 Passage of Golubria      Tloc           N/A        N/A       100%        4
 Petrify                  Tmut/Erth      0%         N/A       100%        4
 Summon Ice Beast         Ice/Summ       0%         N/A       100%        4
 Summon Lightning Spire   Summ/Air       0%         N/A       100%        4
 Alistair's Intoxication  Tmut/Pois      0%         N/A       100%        5
 Bolt of Magma            Conj/Fire/Erth 0%         4d4       100%        5
 Irradiate                Conj/Tmut      0%         3d13      100%        5
 Iskenderun's Battlesphe  Conj           0%         2d6       100%        5
 Lee's Rapid Deconstruct  Erth           0%         3d5*      100%        5
 Eringya's Noxious Bog    Tmut/Pois      0%         N/A       100%        6
 Freezing Cloud           Conj/Ice/Air   0%         6-21      100%        6
 Invisibility             Hex            0%         N/A       100%        6
 Iron Shot                Conj/Erth      0%         9d1       100%        6
 Simulacrum               Ice/Necr       0%         N/A       100%        6
 Statue Form              Tmut/Erth      0%         N/A       100%        6
 Orb of Destruction       Conj           0%         N/A       100%        7
 Ozocubu's Refrigeration  Ice            0%         4d5       100%        7
 Spellforged Servitor     Conj/Summ      0%         N/A       100%        7
 Discord                  Hex            0%         N/A       100%        8


Dungeon Overview and Level Annotations

Branches:
Dungeon (15/15)            Temple (1/1) D:7            Lair (6/6) D:10
 Shoals (1/4) Lair:2        Snake (0/4) Lair:4        Slime (0/5) Lair:6
    Orc (2/2) D:10            Elf (0/3) Orc:2        Vaults (0/5) D:13
 Depths (0/5) D:15        Ossuary (visited)         Volcano (visited)

Altars:
Ashenzari
Cheibriados
Dithmenos
Elyvilon
Fedhas
Gozag
Hepliaklqana
Kikubaaqudgha
Makhleb
Nemelex Xobeh
Okawaru
Qazlal
Ru
Sif Muna
Trog
Uskayaw
Vehumet
Wu Jian
Xom
Yredelemnul
Zin
The Shining One

Shops:
Orc:2 =*(:*

Annotations:
Shoals:1 Donald


Innate Abilities, Weirdness & Mutations

You have a pair of horns on your head.
You reflexively headbutt those who attack you in melee.
You possess an exceptional clarity of mind.
Your mind is acute. (Int +2)
You do not regenerate when monsters are visible.
You are weak. (Str -2)


Message History

The manticore claws you but does no damage.
You puncture the manticore!
The manticore is heavily wounded.
Your shadow barely misses the manticore.
Donald hits you from afar with a +1 vampiric demon trident!
Donald draws strength from your wounds!
You puncture the manticore!
You headbutt the manticore, but do no damage.
The manticore is severely wounded.
You block Donald's attack. The manticore barely misses you.
You furiously retaliate!
You headbutt the manticore, but do no damage.
The manticore completely misses you. x2
You hit the manticore.
The manticore is severely wounded.
You hit the manticore. You headbutt the manticore.
You kill the manticore!
Dithmenos accepts your kill.
Donald hits you from afar with a +1 vampiric demon trident!!
You emit a cloud of dark smoke.
Donald draws strength from your wounds! Donald barely misses you.
The merfolk impaler hits you but does no damage.
Donald hits you from afar with a +1 vampiric demon trident!!
You block the merfolk impaler's attack. You block Donald's attack.
The merfolk impaler hits you from afar with a +0 trident!
* * * LOW HITPOINT WARNING * * *
You block Donald's attack.
Donald says, "At least there aren't any ducks around.
I hate ducks."
Donald hits you from afar with a +1 vampiric demon trident!!
* * * LOW HITPOINT WARNING * * *
You emit a cloud of dark smoke.
Donald draws strength from your wounds! The merfolk impaler closely misses you.
The merfolk impaler hits you from afar with a +0 trident.
* * * LOW HITPOINT WARNING * * *
Donald squints around. "I can't see a thing.
I hate that."
Donald hits you from afar with a +1 vampiric demon trident.
* * * LOW HITPOINT WARNING * * *
You feel much better.
Donald hits you from afar with a +1 vampiric demon trident!!!
You die...

#.≈≈≈≈≈≈≈≈≈≈≈≈....#
..≈≈≈≈≈≈≈≈≈≈≈≈≈.[.##.
.≈≈≈≈≈$≈≈≈≈§≈≈≈≈≈....
≈≈≈≈≈≈≈≈≈≈≈§§§§≈≈....
≈≈≈≈≈≈≈≈.≈≈§§§§§≈....
≈≈≈. #...≈§§§§≈≈≈...
..≈..##..§@m§##.≈..≈
..≈....§.§§§## .≈≈≈
..###..§§@§..# ..≈
##$§§§.....# #.
#..§§§>...#
#....###....# ......#
.....# ≈.......
..≈≈... ≈≈≈..≈S.
≈≈≈≈... ≈≈≈≈≈≈≈≈≈≈
.≈≈≈≈


You could see Donald (fast, strong) and a merfolk impaler.

Vanquished Creatures
  2 orc warlords
  Louise (D:13)
  A juggernaut zombie (D:15)
  An ironbound preserver (D:13)
  The ghost of Diph the Brawler, a journeyman TrFi (D:12)
  An ettin (Orc:1)
  A fire dragon (Volcano)
  12 hydras
  5 boulder beetles
  The ghost of rjrrt the Cleaver, a journeyman DsBe of Trog (Orc:2)
  3 catoblepae (Lair:6)
  4 centaur warriors
  3 death knights
  6 two-headed ogres
  22 death yaks
  2 hell knights (D:13)
  4 sun demons (Volcano)
  5 orc high priests
  A skeletal warrior (D:15)
  The ghost of Zeld the Destroyer, a novice OpCj of Vehumet (D:9)
  4 lindwurms
  A flayed ghost (D:15)
  2 deep elf pyromancers
  A wizard (D:11)
  A harpy (shapeshifter) (D:13)
  A deep elf zephyrmancer (Orc:2)
  The ghost of tardwrangler69 the Geomancer, a novice OpEE of Ru (D:7)
  A necromancer (D:15)
  2 wolf spiders
  5 oklob plants
  9 orc knights
  5 orc sorcerers (Orc:2)
  A fire giant zombie (D:15)
  7 cyclopes
  3 ugly things
  12 elephants (Lair:6)
  An ice statue (Lair:2)
  8 manticores
  A moth of wrath (D:9)
  6 black mambas
  Maurice (D:12)
  A torpor snail (Lair:2)
  3 rime drakes
  An elf zombie (D:15)
  17 cane toads
  Maggie (Lair:1)
  5 large abominations (D:11)
  An unseen horror (D:10)
  4 yaktaurs (D:15)
  2 efreet
  7 komodo dragons
  2 tengu conjurers
  An ice devil (Lair:2)
  A guardian mummy (D:15)
  A meliai (D:12)
  3 hornets
  A queen bee (D:12)
  6 polar bears
  5 trolls
  A blink frog (shapeshifter) (D:12)
  Prince Ribbit (D:7)
  12 blink frogs
  9 slime creatures
  6 water elementals
  A wyvern (D:9)
  40 yaks
  A vampire (D:10)
  8 basilisks
  6 vampire mosquitoes
  Menkaure (Ossuary)
  5 steam dragons
  3 wargs
  An acid dragon (D:11)
  A human zombie (D:15)
  2 hell hounds (Volcano)
  A swamp drake (Orc:2)
  25 water moccasins
  5 black bears
  5 sky beasts
  33 orc warriors
  8 ice beasts
  15 wolves
  6 ogres
  3 centaurs
  7 small abominations (D:11)
  A phantom (D:6)
  4 kobold brigands
  16 bullfrogs
  A wyvern zombie (D:6)
  A gnoll sergeant (D:11)
  9 scorpions
  A water moccasin zombie (D:6)
  A wyvern skeleton (D:6)
  15 killer bees
  2 electric eels
  6 wights (D:8)
  2 howler monkeys (D:10)
  A crimson imp (Orc:2)
  2 lava snakes (D:7)
  6 centaur zombies
  7 jellies
  3 gnoll shamans
  14 orc priests
  A bullfrog skeleton (D:6)
  A hound (D:5)
  An iron imp (Orc:2)
  Jessica (D:2)
  7 iguanas
  14 orc wizards
  5 hell rats (Lair:5)
  2 killer bee zombies
  A hound zombie (D:4)
  3 mummies (Ossuary)
  A howler monkey zombie (D:9)
  Robin (D:1)
  8 adders
  21 gnolls
  A shadow imp (Orc:2)
  6 white imps
  3 adder skeletons (D:4)
  A worm (D:2)
  A dart slug (D:2)
  55 orcs
  7 ball pythons
  23 endoplasms
  6 giant cockroaches
  8 gnoll zombies (Ossuary)
  14 goblins
  13 hobgoblins
  5 jackals (D:5)
  A quokka (D:2)
  2 frilled lizards (D:1)
  6 gnoll skeletons (Ossuary)
  2 goblin skeletons (Ossuary)
  4 goblin zombies (Ossuary)
  5 hobgoblin skeletons (Ossuary)
  6 hobgoblin zombies (Ossuary)
  19 kobolds
  4 kobold skeletons (Ossuary)
  3 kobold zombies (Ossuary)
  3 orc skeletons (Ossuary)
  2 orc zombies (Ossuary)
  3 rats
  5 rat skeletons (Ossuary)
  2 rat zombies (Ossuary)
  A butterfly (D:6)
788 creatures vanquished.

Vanquished Creatures (others)
  A bullfrog (Lair:5)
  An orc wizard (Orc:2)
  3 orcs (Orc:2)
  53 fungi
  65 plants
  3 withered plants (D:15)
126 creatures vanquished.

Grand Total: 914 creatures vanquished

Notes
Turn   | Place    | Note
-------+----------+-------------------------------------------
     0 | D:1      | siradein the Minotaur Gladiator began the quest for the
                  | Orb.
     0 | D:1      | Reached XP level 1. HP: 18/18 MP: 0/0
   357 | D:1      | Reached skill level 4 in Long Blades
   714 | D:1      | Reached XP level 2. HP: 25/25 MP: 1/1
  1227 | D:2      | Reached skill level 5 in Long Blades
  1421 | D:2      | Reached XP level 3. HP: 23/30 MP: 2/2
  1534 | D:2      | Noticed Robin
  1824 | D:1      | Killed Robin
  2494 | D:2      | Reached skill level 6 in Long Blades
  2494 | D:2      | Reached XP level 4. HP: 32/34 MP: 3/3
  2712 | D:2      | Noticed Jessica
  2714 | D:2      | Killed Jessica
  3314 | D:3      | Reached XP level 5. HP: 42/42 MP: 4/4
  3353 | D:3      | Found a faded altar of an unknown god.
  3396 | D:3      | Reached skill level 7 in Long Blades
  3936 | D:4      | Noticed a black bear
  4060 | D:4      | Reached skill level 8 in Long Blades
  4109 | D:4      | Found a sand-covered staircase.
  4182 | Ossuary  | Entered an ossuary
  4385 | Ossuary  | Reached XP level 6. HP: 50/50 MP: 5/5
  4774 | Ossuary  | Noticed Menkaure
  4784 | Ossuary  | Killed Menkaure
  4785 | Ossuary  | Reached skill level 9 in Long Blades
  5132 | D:4      | Reached XP level 7. HP: 36/56 MP: 6/6
  5281 | D:4      | Reached skill level 10 in Long Blades
  5642 | D:5      | Entered Level 5 of the Dungeon
  6171 | D:5      | Reached skill level 11 in Long Blades
  6496 | D:5      | Reached XP level 8. HP: 38/62 MP: 7/7
  6635 | D:5      | You fall into a shaft and drop 1 floor!
  6671 | D:6      | Reached skill level 12 in Long Blades
  7310 | D:5      | Reached skill level 13 in Long Blades
  7861 | D:6      | Reached XP level 9. HP: 29/68 MP: 8/8
  8163 | D:6      | Found a runed translucent door.
  8181 | D:6      | Found a runed translucent door.
  8286 | D:6      | Reached skill level 14 in Long Blades
  8928 | D:7      | Noticed Prince Ribbit
  8943 | D:7      | Killed Prince Ribbit
  9205 | D:7      | Reached skill level 15 in Long Blades
 10897 | D:7      | Identified the +10 dagger of Wyrd {vorpal, rPois Str+4}
 10932 | D:7      | Found a staircase to the Ecumenical Temple.
 10939 | D:7      | Reached skill level 1 in Armour
 11067 | Temple   | Entered the Ecumenical Temple
 11395 | Temple   | Became a worshipper of Dithmenos the Shadowed
 11626 | D:7      | Found a runed translucent door.
 11627 | D:7      | Noticed tardwrangler69's ghost (novice OpEE)
 12201 | D:8      | Reached skill level 1 in Invocations
 12236 | D:8      | Found a sacrificial altar of Ru.
 12267 | D:8      | Found the +9 staff of Olgreb {rPois∞}
 12281 | D:8      | Paralysed by a hornet for 1 turns
 12286 | D:8      | Reached XP level 10. HP: 31/77 MP: 8/10
 12534 | D:8      | Noticed a two-headed ogre
 13120 | D:8      | Identified the +5 robe "Ifefaj" {Contam Regen+ Dex+4
                  | Stlth+}
 13236 | D:8      | Reached skill level 16 in Long Blades
 13344 | D:8      | Noticed a two-headed ogre
 13348 | D:8      | Killed a two-headed ogre
 13542 | D:8      | Killed a two-headed ogre
 13543 | D:8      | Reached skill level 5 in Fighting
 13543 | D:8      | Reached skill level 5 in Dodging
 13583 | D:9      | Noticed a cyclops
 13584 | D:9      | Noticed Zeld's ghost (novice OpCj)
 13586 | D:9      | Found a bloodstained altar of Trog.
 13586 | D:9      | Noticed a two-headed ogre
 13587 | D:9      | Noticed a moth of wrath
 13605 | D:9      | Found a transporter.
 13610 | D:9      | Found a transporter.
 13978 | D:9      | Reached * piety under Dithmenos
 14386 | D:10     | Entered Level 10 of the Dungeon
 14428 | D:10     | Reached skill level 5 in Armour
 14453 | D:10     | Reached XP level 11. HP: 89/89 MP: 10/13
 14495 | D:10     | Found a staircase to the Lair.
 14502 | D:10     | Reached ** piety under Dithmenos
 14614 | D:10     | Found a staircase to the Orcish Mines.
 15150 | D:11     | Reached skill level 5 in Invocations
 15672 | D:11     | Noticed a wizard
 15682 | D:11     | Killed a wizard
 15697 | D:11     | Noticed a large abomination
 15790 | D:11     | Noticed a seven-headed hydra
 15801 | D:11     | Killed a seven-headed hydra
 16083 | Lair:1   | Entered Level 1 of the Lair of Beasts
 16155 | Lair:1   | Noticed Maggie
 16172 | Lair:1   | Killed Maggie
 16419 | Lair:1   | Reached skill level 17 in Long Blades
 16446 | Lair:1   | Reached XP level 12. HP: 80/101 MP: 14/15
 16540 | Lair:1   | Reached *** piety under Dithmenos
 16833 | Lair:1   | Reached skill level 1 in Shields
 16921 | Lair:1   | Noticed a six-headed hydra
 16933 | Lair:1   | Killed a six-headed hydra
 17266 | Lair:2   | Noticed a death yak
 17266 | Lair:2   | Noticed a death yak
 17266 | Lair:2   | Noticed a death yak
 17266 | Lair:2   | Noticed a death yak
 17267 | Lair:2   | Noticed a death yak
 17323 | Lair:1   | Killed a death yak
 17333 | Lair:1   | Killed a death yak
 17371 | Lair:1   | Killed a death yak
 17399 | Lair:1   | Killed a death yak
 17409 | Lair:1   | Killed a death yak
 17489 | Lair:2   | Found a dark tunnel.
 17540 | Volcano  | Entered a volcano
 17921 | Volcano  | Noticed a fire dragon
 17933 | Volcano  | Killed a fire dragon
 18152 | Lair:2   | Noticed a death yak
 18205 | Lair:2   | Found a staircase to the Shoals.
 18276 | Lair:2   | Reached **** piety under Dithmenos
 18288 | Lair:2   | Reached XP level 13. HP: 111/111 MP: 17/17
 18421 | Lair:2   | Reached skill level 5 in Shields
 19295 | D:11     | Identified the Papyrus of Shifting Fire
 19587 | Lair:3   | Reached skill level 10 in Fighting
 19738 | Lair:3   | Reached skill level 10 in Armour
 20276 | Lair:3   | Identified Ciumm's Incunabulum of Poisoning and the Oath
 20697 | Lair:4   | Reached skill level 18 in Long Blades
 20970 | Lair:4   | Found a staircase to the Snake Pit.
 21016 | Lair:4   | Reached skill level 10 in Dodging
 21091 | Lair:4   | Identified the +9 demon trident of the Gloaming {speed,
                  | rPois SInv Stlth+}
 21139 | Lair:4   | Reached ***** piety under Dithmenos
 21302 | Lair:4   | Reached skill level 1 in Polearms
 21515 | Lair:4   | Reached XP level 14. HP: 116/122 MP: 19/19
 21668 | D:7      | Killed tardwrangler69's ghost
 21884 | D:9      | Killed Zeld's ghost
 23376 | Lair:6   | Entered Level 6 of the Lair of Beasts
 23557 | Lair:6   | Identified the amulet of Savebru {Acrobat rPois}
 23583 | Lair:6   | Reached skill level 5 in Polearms
 24130 | Lair:6   | Reached ****** piety under Dithmenos
 24191 | Lair:6   | Found a staircase to the Slime Pits.
 24423 | Lair:6   | Reached XP level 15. HP: 132/132 MP: 21/21
 24849 | Orc:1    | Entered Level 1 of the Orcish Mines
 25047 | Orc:1    | Noticed an orc warlord
 25087 | Orc:1    | Killed an orc warlord
 25177 | Orc:2    | Entered Level 2 of the Orcish Mines
 25178 | Orc:2    | Noticed an orc warlord
 26113 | Orc:2    | Reached skill level 10 in Invocations
 26162 | Orc:2    | Found a staircase to the Elven Halls.
 26213 | Orc:2    | Identified the +1 robe "Tuantyc" {rElec rF+++ Str-5 Int-2}
 26371 | Orc:2    | HP: 4/124 [ynoxinul/iron shot[an orc high priest] (26)]
 26499 | Orc:2    | Reached skill level 1 in Stealth
 26526 | Orc:2    | Gained mutation: You are clumsy. (Dex -2) [a neqoxec]
 26615 | Orc:2    | Found Qoamm's Jewellery Shop.
 26615 | Orc:2    | Found Irrox's Book Shoppe.
 26617 | Orc:2    | Found Rawocysch's Assorted Antiques.
 26617 | Orc:2    | Found Vopomymi's Weapon Shoppe.
 26623 | Orc:2    | Bought the ring "Helylinient" {rF+ EV+4} for 700 gold
                  | pieces
 26623 | Orc:2    | Bought the ring of the Yeti {Fly rElec rPois rN+ Int-2} for
                  | 505 gold pieces
 26636 | Orc:2    | Bought a scroll of identify for 48 gold pieces
 26759 | Orc:2    | Killed an orc warlord
 26818 | Orc:2    | Found Anaosami's General Store.
 26855 | Orc:2    | Bought a scroll of identify for 22 gold pieces
 27046 | Orc:2    | Found a runed translucent door.
 27068 | Orc:2    | Noticed rjrrt's ghost (journeyman DsBe)
 27181 | Orc:2    | Killed rjrrt's ghost
 27561 | D:12     | Noticed Maurice
 27566 | D:12     | Killed Maurice
 27851 | D:12     | Found a transporter.
 27855 | D:12     | Found a transporter.
 27857 | D:12     | Noticed Diph's ghost (journeyman TrFi)
 28503 | D:12     | Killed Diph's ghost
 28615 | D:13     | Upgraded the game from 0.27-a0-1101-ge311f74bc8 to
                  | 0.27-a0-1105-g946c659c87
 28783 | D:13     | Found a gate to the Vaults.
 28873 | D:13     | Reached skill level 19 in Long Blades
 28982 | D:13     | Found a bloodstained altar of Trog.
 29241 | D:14     | Noticed Louise
 29278 | D:13     | Reached XP level 16. HP: 141/141 MP: 22/22
 29384 | D:13     | Killed Louise
 29385 | D:13     | Reached skill level 10 in Polearms
 29441 | D:14     | Identified the +1 robe of Leapfrog {Fly rElec}
 29574 | D:14     | Reached skill level 10 in Shields
 29864 | D:15     | Entered Level 15 of the Dungeon
 29944 | D:15     | Found a staircase to the Depths.
 29963 | D:15     | Lost mutation: You are clumsy. (Dex -2) [potion of
                  | mutation]
 29963 | D:15     | Gained mutation: You are weak. (Str -2) [potion of
                  | mutation]
 29963 | D:15     | Gained mutation: You possess an exceptional clarity of
                  | mind. [potion of mutation]
 29963 | D:15     | Gained mutation: Your mind is acute. (Int +2) [potion of
                  | mutation]
 30232 | D:15     | Identified the +5 ring mail "Wyuliwn" {Contam rElec Will+
                  | Str+2}
 30241 | D:15     | Identified the +1 leather armour of Jyfel {Rampage rElec
                  | rCorr Int-3 SInv}
 30367 | D:15     | Gained mutation: You do not regenerate when monsters are
                  | visible. [mutagenic glow]
 31109 | Shoals:1 | Entered Level 1 of the Shoals
 31110 | Shoals:1 | Noticed Donald
 31137 | Shoals:1 | HP: 6/141 [Donald/+1 vampiric demon trident (28)]
 31137 | Shoals:1 | HP: 2/141 [Donald/+1 vampiric demon trident (1)]
 31138 | Shoals:1 | Demolished by Donald

Illustrated notes

Levels and vault maps discovered:
D:1:      amcnicky_arrival_feature_with_door, layout_loops_corners,
          minmay_misc_feat_alley
D:2:      layout_loops_ring, uniq_robin, uniq_jessica
D:3:      corexii_shack_village, layout_loops_cross,
          ebering_ecumenical_altar_abandoned
D:4:      layout_loops_ring, enter_ossuary_1, minmay_misc_feat_pillars,
          eino_tiny_chamber
D:5:      layout_loops_cross, minmay_increasing_density
D:6:      lemuel_insect_pit, layout_loops_ring
D:7:      layout_loops_ring, minmay_temple_entry_proselytizer,
          gammafunk_ghost_grave, kennysheep_dice, uniq_prince_ribbit1
D:8:      layout_gridville, nicolae_overflow_crystal_walls,
          minmay_misc_feat_tower, st_stairs_10
D:9:      layout_loops_ring, gammafunk_ghost_wrathful_warriors
D:10:     layout_basic, due_lair_maze_entry_diamond, orc_0_dummy
D:11:     layout_basic, laboratory
D:12:     layout_roguey, gammafunk_ghost_hive, nicolae_underground_beach,
          uniq_maurice
D:13:     layout_rooms, skrybe_vaults_entry_preservation, serial_glass,
          glass_columns_a, glass_columns_b, glass_columns_a, glass_columns_b,
          glass_columns_a, glass_columns_a, glass_columns_b, glass_columns_c,
          trog_ov_bears_minmay
D:14:     layout_cave_pools, sword_in_stone
D:15:     gammafunk_depths_entry_grave, layout_irregular_city,
          roderic_roman_lattice, serial_bayou, serial_bayou_pond_e,
          serial_bayou_ford_a, serial_bayou_pond_a, serial_bayou_pond_a
Temple:   roderic_octagonal_lattice_temple
Lair:1:   layout_cave_pods, grunt_megastairs_5, uniq_maggie
Lair:2:   layout_chaotic_city, elwin_shoals_entry_rocks,
          nicolae_volcano_entry_vermiform, ldierk_geyser, ice2_lemuel,
          infiniplex_staircase_pool_2
Lair:3:   layout_small_grid, serial_bayou_shore_b
Lair:4:   layout_loops_ring, dummy_snake_entry, nzn_random_ring
Lair:5:   lemuel_slime, layout_hall_layers, lemuel_old_faithful
Lair:6:   evilmike_catoblepas_cave, layout_hall_layers,
          minmay_slime_entry_oklob_open, st_stairs_9, minmay_lair_oklob_chamber
Shoals:1: layout_shoals, uniq_frances, uniq_donald, uniq_aizul, uniq_roxanne,
          uniq_jorgrun
Orc:1:    layout_caves
Orc:2:    grunt_orc_tribal_feast, layout_diamond_mine,
          ebering_ghost_reflecting_pool, serial_shops, shop,
          hangedman_minor_magic

Skill      XL: |  1  2  3  4  5  6  7  8  9 10 11 12 13 14 15 16 |
---------------+-------------------------------------------------+-----
Long Blades    | 4 5 6 8 9 11 13 15 16 17 18 19 | 19.1
Armour         | 2 5 7 9 10 11 12 | 12.6
Fighting       | 3 5 8 9 10 11 12 | 12.7
Invocations    | 1 4 6 7 8 9 10 | 10.6
Dodging        | 4 5 7 9 10 11 12 | 12.1
Shields        | 4 7 8 9 10 | 10.2
Polearms       | 2 7 9 10 | 10.5
Stealth        | 2 3 |  3.4
Throwing       | |  2.0

Action                   |  1- 3 |  4- 6 |  7- 9 | 10-12 | 13-15 | 16-18 || total
-------------------------+-------+-------+-------+-------+-------+-------++-------
Melee: Long sword        |    53 |       |       |       |       |       ||    53
       Headbutt          |    16 |    43 |    79 |   181 |   472 |    58 ||   849
       Falchion          |    23 |   196 |   289 |       |       |       ||   508
       Dagger            |       |       |    42 |   306 |   306 |       ||   654
       Great sword       |       |       |       |   208 |       |     5 ||   213
       Demon trident     |       |       |       |       |  1265 |   216 ||  1481
Invok: Shadow Step       |       |       |       |       |     3 |       ||     3
Evoke: Wand              |       |       |       |       |    12 |       ||    12
  Use: Scroll            |       |     5 |     1 |     8 |    12 |     1 ||    27
       Potion            |       |       |       |       |     3 |     2 ||     5
 Stab: Sleeping          |     1 |       |       |    10 |    48 |     5 ||    64
       Distracted        |       |       |       |     1 |     5 |     2 ||     8
Armor: Leather armour    |    14 |     1 |       |       |       |       ||    15
       Ring mail         |       |    33 |    47 |       |       |     4 ||    84
       Steam dragon scal |       |       |    10 |     8 |       |       ||    18
       Robe              |       |       |       |    68 |   152 |    11 ||   231
Dodge: Dodged            |    45 |    88 |   135 |   324 |   666 |    96 ||  1354
Block: Kite shield       |       |       |       |    30 |       |       ||    30
       Buckler           |       |       |       |    31 |   371 |    51 ||   453
       Rpst.: Long sword |     6 |       |       |       |       |       ||     6
       Falchion          |     4 |    18 |    30 |       |       |       ||    52
       Great sword       |       |       |       |    44 |       |       ||    44

Table legend: (Time is in decaauts)
 A = Elapsed time spent in this place.
 B = Non-inter-level travel time spent in this place.
 C = Inter-level travel time spent in this place.
 D = Time resting spent in this place.
 E = Time spent auto-exploring this place.
 F = Levels seen in this place.
 G = Mean time per level.
                   A        B        C        D        E       F      G
               +--------+--------+--------+--------+--------+-----+--------+
         Total |  30270 |  28218 |   2052 |   3432 |  17841 |  27 | 1121.1 |
       Dungeon |  19194 |  18049 |   1145 |   2778 |  11641 |  15 | 1279.6 |
        Temple |    356 |    307 |     49 |      0 |    278 |   1 |  356.0 |
          Lair |   7879 |   7088 |    791 |    220 |   4659 |   6 | 1313.2 |
        Shoals |     21 |     21 |      0 |      0 |      0 |   1 |   21.0 |
  Orcish Mines |   1601 |   1535 |     66 |     90 |    848 |   2 |  800.5 |
       Ossuary |    740 |    740 |      0 |    203 |    299 |   1 |  740.0 |
       Volcano |    475 |    475 |      0 |    140 |    115 |   1 |  475.0 |
               +--------+--------+--------+--------+--------+-----+--------+

Top non-repeatable levels by time:
     D:7: 2609 daAuts
     D:6: 2005 daAuts
     D:2: 1835 daAuts
  Lair:2: 1646 daAuts
  Lair:6: 1591 daAuts
     D:5: 1504 daAuts
     D:8: 1417 daAuts
  Lair:3: 1359 daAuts
     D:1: 1345 daAuts
  Lair:4: 1330 daAuts
    D:11: 1264 daAuts
  Lair:1: 1260 daAuts
   Orc:2: 1245 daAuts
     D:4: 1150 daAuts
    D:10: 1036 daAuts
